 Dungeon Crawl Stone Soup version 0.21.1-1-g345015f (webtiles) character file.

2020 valkyrieboi the Cleaver (level 9, -14/70 HPs)
             Began as a Hill Orc Fighter on May 29, 2018.
             Was a Believer of Qazlal.
             Demolished by an orc warrior
             ... wielding a +0 halberd
              (25 damage)
             ... on level 7 of the Dungeon.
             The game lasted 00:07:39 (6793 turns).

valkyrieboi the Cleaver (Hill Orc Fighter)          Turns: 6793, Time: 00:07:40

Health: -14/70     AC:  8    Str: 25    XL:     9   Next: 23%
Magic:  15/15      EV:  8    Int:  8    God:    Qazlal [**....]
Gold:   285        SH: 12    Dex: 10    Spells: 8/8 levels left

rFire    + . .     SeeInvis .   r - +0 hand axe (flame)
rCold    . . .     Gourm    +   c - +0 shield
rNeg     . . .     Faith    .   E - +0 ring mail of Kixtas {Regen+ Str+3 Stlth+} (curse)
rPois    .         Spirit   .   H - +0 helmet
rElec    .         Reflect  .   (no cloak)
rCorr    .         Harm     .   (no gloves)
MR       +....                  A - +0 pair of boots
Stlth    +.........             u - amulet of the gourmand
HPRegen  0.61/turn              y - ring of protection from magic
MPRegen  0.14/turn              m - ring of protection from fire

@: no status effects
A: no striking features
a: Upheaval, Renounce Religion


You were on level 7 of the Dungeon.
You worshipped Qazlal.
Qazlal was pleased with you.
You were full.

You visited 2 branches of the dungeon, and saw 9 of its levels.

You collected 285 gold pieces.

Inventory:

Hand Weapons
 a - a +0 war axe
 r - a +0 hand axe of flaming (weapon)
Missiles
 k - 6 tomahawks (quivered)
Armour
 b - a +0 scale mail
 c - a +0 shield (worn)
 A - a +0 pair of boots (worn)
 E - the cursed +0 ring mail of Kixtas (worn) {Regen+ Str+3 Stlth+}
   (You found it on level 6 of the Dungeon)

   It affects your strength (+3).
   It increases your rate of regeneration.
   It makes you more stealthy.
   It has a curse placed upon it.
 H - a +0 helmet (worn)
Jewellery
 m - a ring of protection from fire (right hand)
 t - an uncursed ring of stealth
 u - an amulet of the gourmand (around neck)
 v - an uncursed amulet of magic regeneration
 y - a ring of protection from magic (left hand)
 F - a +3 ring of protection {unknown}
Wands
 B - a wand of iceblast (6)
 C - a wand of disintegration (15)
Scrolls
 e - 2 scrolls of fear {unknown}
 g - 2 scrolls of remove curse {unknown}
 i - 2 scrolls of amnesia {unknown}
 j - 5 scrolls of identify {unknown}
 o - a scroll of immolation {unknown}
 q - a scroll of teleportation {unknown}
 s - 2 scrolls of magic mapping {unknown}
 z - a scroll of noise {unknown}
 D - a scroll of vulnerability {unknown}
 I - a scroll of blinking {unknown}
Potions
 d - a potion of lignification {unknown}
 h - 3 potions of brilliance {unknown}
 l - a potion of magic {unknown}
 n - 7 potions of curing {unknown}
 p - a potion of flight {unknown}
 w - a potion of degeneration {unknown}
 x - a potion of agility {unknown}
 J - a potion of berserk rage {unknown}
Books
 G - Sif Muna's Disquisition on Snow and Protection
   (You found it on level 7 of the Dungeon)

   Spells                             Type                      Level
   a - Infusion                       Charms                       1
   b - Shroud of Golubria             Charms/Translocation         2
   c - Throw Frost                    Conjuration/Ice              2
   d - Ensorcelled Hibernation        Hexes/Ice                    2
   e - Bolt of Cold                   Conjuration/Ice              6
   f - Ring of Flames                 Charms/Fire                  7
Comestibles
 f - 20 rations


   Skills:
 - Level 3.6 Fighting
 + Level 12.6 Axes
 - Level 3.2 Armour
 - Level 3.2 Shields
 + Level 8.5 Invocations


You had 8 spell levels left.
You didn't know any spells.

Dungeon Overview and Level Annotations

Branches:
Dungeon (8/15)             Temple (1/1) D:7
   Lair: D:8-11

Altars:
Cheibriados
Dithmenos
Elyvilon
Gozag
Makhleb
Nemelex Xobeh
Okawaru
Qazlal
Ru
Sif Muna
Trog
Uskayaw
Vehumet
Wu Jian
Xom
Yredelemnul
Zin
The Shining One


Message History

You block the orc warrior's attack.
The orc wizard gestures at you while chanting.
The puff of flame hits you! You resist.
* * * LOW HITPOINT WARNING * * *
You hit the orc warrior but do no damage.
The orc warrior is heavily wounded.
You closely miss the orc wizard.
The orc warrior hits you but does no damage.
Unknown command.
You closely miss the orc warrior.
The orc warrior is heavily wounded.
You hit the orc wizard. You burn the orc wizard.
You kill the orc wizard!
Qazlal accepts your kill.
You can now call upon nature to destroy your foes.
Unknown command.
You hit the orc warrior. You burn the orc warrior.
The orc warrior is severely wounded.
The orc warrior hits you with a halberd!!
You die...

#..........#
#..<.......#
####..........#
####..........#..##
##.................#
...................#####
.......................#
...............o§....###
...............)@..###
.................§..##
.........#...........##
.........#<.......#...##
.........#........###..#
.........#.............#
.........#...#.......#.#
............##.....###.#
...........###....## #.#


You could see an orc warrior.

Vanquished Creatures
  An ice beast (D:3)
  3 orc warriors
  2 sky beasts
  2 phantoms
  A centaur (D:5)
  A wyvern zombie (D:8)
  A bullfrog (D:7)
  A water moccasin zombie (D:7)
  A scorpion (D:4)
  3 killer bees (D:7)
  A crimson imp (D:6)
  A jelly (D:7)
  2 hounds
  3 orc priests
  11 orc wizards
  6 worker ants
  4 gnolls (D:3)
  4 adders (D:3)
  2 shadow imps
  An ooze (D:3)
  An adder skeleton (D:4)
  An adder zombie (D:5)
  A dart slug (D:3)
  A leopard gecko (D:3)
  23 orcs
  A ball python (D:5)
  4 giant cockroaches
  4 goblins
  2 hobgoblins
  7 jackals
  8 kobolds
  A quokka (D:3)
  2 bats
  4 frilled lizards
  A jackal skeleton (D:7)
  A leopard gecko skeleton (D:5)
  A quokka skeleton (D:6)
  7 rats
121 creatures vanquished.

Notes
Turn   | Place    | Note
-------+----------+-------------------------------------------
     0 | D:1      | valkyrieboi the Hill Orc Fighter began the quest for the Orb.
     0 | D:1      | Reached XP level 1. HP: 19/19 MP: 1/1
   118 | D:1      | Reached skill level 3 in Axes
   261 | D:1      | Reached XP level 2. HP: 26/26 MP: 2/2
   883 | D:2      | Found a shadowy altar of Dithmenos.
  1187 | D:2      | Reached skill level 4 in Axes
  1470 | D:3      | Reached XP level 3. HP: 29/31 MP: 3/3
  1481 | D:3      | Reached skill level 5 in Axes
  1555 | D:3      | Reached XP level 4. HP: 30/39 MP: 4/4
  1565 | D:3      | Reached skill level 6 in Axes
  1937 | D:3      | Noticed an ice beast
  1943 | D:3      | Killed an ice beast
  1943 | D:3      | Reached skill level 7 in Axes
  1943 | D:3      | Reached XP level 5. HP: 14/45 MP: 5/5
  2308 | D:4      | Noticed a phantom
  2366 | D:4      | Killed a phantom
  2366 | D:4      | Reached skill level 8 in Axes
  2366 | D:4      | Reached XP level 6. HP: 30/51 MP: 6/6
  2556 | D:4      | Reached skill level 9 in Axes
  2883 | D:4      | Reached XP level 7. HP: 45/57 MP: 7/7
  2961 | D:4      | Found a stormy altar of Qazlal.
  3016 | D:4      | Became a worshipper of Qazlal Stormbringer
  3430 | D:5      | Entered Level 5 of the Dungeon
  3535 | D:5      | Found an iron altar of Okawaru.
  3571 | D:5      | Reached skill level 10 in Axes
  3571 | D:5      | Reached skill level 1 in Invocations
  4273 | D:5      | Found an ornate altar of the Wu Jian Council.
  4302 | D:5      | Found a radiant altar of Vehumet.
  4577 | D:6      | Reached XP level 8. HP: 30/64 MP: 9/11
  5064 | D:6      | Got a transparent ring mail
  5075 | D:6      | Identified the cursed +0 ring mail of Kixtas {Regen+ Str+3 Stlth+} (You found it on level 6 of the Dungeon)
  5126 | D:7      | Reached skill level 11 in Axes
  5130 | D:7      | Reached skill level 5 in Invocations
  5353 | D:7      | Identified Sif Muna's Disquisition on Snow and Protection
  5385 | D:7      | Reached * piety under Qazlal
  5644 | D:7      | Found a staircase to the Ecumenical Temple.
  5702 | D:7      | Reached skill level 12 in Axes
  5810 | D:7      | Reached XP level 9. HP: 67/70 MP: 14/14
  5974 | D:7      | Found a deep blue altar of Sif Muna.
  6417 | Temple   | Entered the Ecumenical Temple
  6792 | D:7      | Reached ** piety under Qazlal
  6793 | D:7      | Demolished by an orc warrior

Skill      XL: |  1  2  3  4  5  6  7  8  9 |
---------------+----------------------------+-----
Axes           | 3 4 5 7 8 9 10 12 | 12.6
Invocations    | 4 7 8 |  8.5
Fighting       | |  3.6
Armour         | |  3.2
Shields        | |  3.2

Action                   |  1- 3 |  4- 6 |  7- 9 || total
-------------------------+-------+-------+-------++-------
Melee: War axe           |    91 |    29 |       ||   120
       Hand axe          |       |   103 |   395 ||   498
  Use: Potion            |       |       |     1 ||     1
  Eat: Chunk             |     2 |     5 |    20 ||    27
Armor: Scale mail        |    38 |    43 |    57 ||   138
       Ring mail         |       |       |    50 ||    50
Dodge: Dodged            |    31 |    32 |    71 ||   134
Block: Shield            |    62 |    48 |   164 ||   274
